 Dungeon Crawl Stone Soup version 0.28.0-53-g5a82cb258f (webtiles) character file.

Game seed: 3813522216423110516

20426 Kaptain the Geomancer (level 12, -1/79 HPs)
             Began as a Gargoyle Earth Elementalist on July 13, 2022.
             Slain by a catoblepas (8 damage)
             ... on level 2 of the Lair of Beasts.
             The game lasted 00:23:27 (15544 turns).

Kaptain the Geomancer (GrEE)                       Turns: 15544, Time: 00:23:28

Health: -1/79      AC: 21    Str: 11    XL:     12   Next: 79%
Magic:  2/25       EV: 11    Int: 25    God:
Gold:   647        SH:  0    Dex: 10    Spells: 22/29 levels left

rFire   . . .      SeeInvis .   l - +3 flail (venom)
rCold   . . .      Faith    .   (no shield)
rNeg    + . .      Spirit   .   e - +0 steam dragon scales
rPois   ∞          Reflect  .   J - +2 hat {Int+3}
rElec   +          Harm     .   j - +1 cloak {Will+}
rCorr   .          Rampage  .   (no gloves)
Will    ++...                   y - +0 pair of boots
Stlth   ++........              f - amulet of magic regeneration
HPRegen 0.23/turn               n - ring of willpower
MPRegen 0.59/turn               (no ring)

@: no status effects
A: sickness immunity, AC +8, negative energy resistance 1, electricity
resistance, torment resistance 1, petrification resistance
a: no special abilities


You were on level 2 of the Lair of Beasts.
You visited 3 branches of the dungeon, and saw 14 of its levels.

You collected 647 gold pieces.

Inventory:

Hand Weapons
 g - a +2 scimitar of venom
 l - a +3 flail of venom (weapon)
 F - a +1 trident of protection
Missiles
 c - 93 stones
 G - a throwing net
Armour
 e - +0 steam dragon scales (worn)
 i - a +1 pair of boots of rampaging
 j - a +1 cloak of willpower (worn)
 y - a +0 pair of boots (worn)
 D - +0 acid dragon scales
 J - a +2 hat of intelligence (worn)
Jewellery
 f - an amulet of magic regeneration (around neck)
 n - a ring of willpower (left hand)
Wands
 a - a wand of iceblast (21)
 w - a wand of flame (29)
 A - a wand of charming (11)
 H - a wand of polymorph (19)
 L - a wand of paralysis (4)
Scrolls
 h - a scroll of brand weapon
 p - a scroll of enchant weapon
 q - 2 scrolls of blinking
 z - 3 scrolls of identify
 B - a scroll of enchant armour
 C - 2 scrolls of magic mapping
 E - a scroll of fog
 I - a scroll of fear
 K - 3 scrolls of teleportation
Potions
 b - a potion of mutation
 d - 6 potions of curing
 k - a potion of cancellation {unknown}
 m - a potion of magic
 o - 2 potions of ambrosia
 r - 4 potions of brilliance
 s - 3 potions of might
 t - a potion of haste {unknown}
 u - a potion of resistance
 v - 2 potions of flight {unknown}
 x - a potion of lignification {unknown}


   Skills:
 * Level 10.8 Fighting
 + Level 7.5 Armour
 - Level 1.5 Dodging
 - Level 4.0 Stealth
 * Level 9.3 Spellcasting
 * Level 10.7 Conjurations
 - Level 0.7 Transmutations
 * Level 12.2 Earth Magic


You had 22 spell levels left.
You knew the following spells:

 Your Spells              Type           Power      Damage    Failure   Level
a - Sandblast             Erth           100%       2d20      1%          1
b - Stone Arrow           Conj/Erth      100%       3d13      1%          3
c - Mephitic Cloud        Conj/Pois/Air  29%        N/A       3%          3

Your spell library contained the following spells:

 Spells                   Type           Power      Damage    Failure   Level
 Magic Dart               Conj           100%       1d8       1%          1
 Passwall                 Tmut/Erth      36%        N/A       1%          2
 Petrify                  Tmut/Erth      44%        N/A       3%          4
 Sting                    Tmut/Pois      52%        1d5       4%          1
 Call Imp                 Summ           11%        N/A       8%          2
 Poisonous Vapours        Pois/Air       22%        N/A       8%          2
 Borgnjor's Vile Clutch   Necr/Erth      21%        N/A       12%         5
 Freezing Cloud           Conj/Ice/Air   14%        6-21      34%         5
 Olgreb's Toxic Radiance  Pois           11%        N/A       45%         4
 Alistair's Intoxication  Tmut/Pois      8%         N/A       77%         5
 Eringya's Noxious Bog    Tmut/Pois      6%         N/A       100%        6
 Simulacrum               Ice/Necr       5%         N/A       100%        6
 Polar Vortex             Ice            5%         N/A       100%        9


Dungeon Overview and Level Annotations

Branches:
Dungeon (11/15)            Temple (1/1) D:5            Lair (2/6) D:11
  Snake (0/4) Lair:2          Orc (0/2) D:9
  Swamp: Lair:2-4    Shoals: Lair:2-4

Altars:
Ashenzari
Cheibriados
Dithmenos
Elyvilon
Fedhas
Gozag
Hepliaklqana
Kikubaaqudgha
Makhleb
Nemelex Xobeh
Okawaru
Qazlal
Ru
Sif Muna
Trog
Uskayaw
Vehumet
Wu Jian
Xom
Yredelemnul
Zin
The Shining One

Shops:
D:9 *


Innate Abilities, Weirdness & Mutations

You are immune to sickness and miasma.
Your stone body is resilient. (AC +8)
You are immune to poison.
You resist negative energy. (rN+)
You are resistant to electric shocks. (rElec)
You are resistant to unholy torment.
You are immune to petrification.


Message History

Casting: Stone Arrow (safe; 1% risk of failure)
Confirm with . or Enter, or press ? or * to list all spells.
Aiming: Stone Arrow (safe; 1% risk of failure)
Press: ? - help, Shift-Dir - straight line, f - catoblepas
Aim: a catoblepas (calcifying dust, 100% to hit)
The stone arrow hits the catoblepas!!
The catoblepas is moderately wounded.
Unknown command.
Casting: Stone Arrow (safe; 1% risk of failure)
Confirm with . or Enter, or press ? or * to list all spells.
Aiming: Stone Arrow (safe; 1% risk of failure)
Press: ? - help, Shift-Dir - straight line, f/p - catoblepas
Aim: a catoblepas (moderately wounded, 100% to hit)
The stone arrow hits the catoblepas!
The catoblepas is heavily wounded.
The catoblepas gores you!
Unknown command.
Casting: Stone Arrow (safe; 1% risk of failure)
Confirm with . or Enter, or press ? or * to list all spells.
Aiming: Stone Arrow (safe; 1% risk of failure)
Press: ? - help, Shift-Dir - straight line, f/p - catoblepas
Aim: a catoblepas (heavily wounded, 100% to hit)
The stone arrow hits the catoblepas.
The catoblepas is heavily wounded.
The catoblepas gores you!
Unknown command.
Casting: Stone Arrow (safe; 1% risk of failure)
Confirm with . or Enter, or press ? or * to list all spells.
Aiming: Stone Arrow (safe; 1% risk of failure)
Press: ? - help, Shift-Dir - straight line, f/p - catoblepas
Aim: a catoblepas (heavily wounded, 100% to hit)
The stone arrow hits the catoblepas!!
The catoblepas is severely wounded.
The catoblepas gores you!
You hit the catoblepas.
The catoblepas is poisoned.
The catoblepas is almost dead.
The catoblepas gores you!
* * * LOW HITPOINT WARNING * * *
The catoblepas gores you!
You die...

#.#.#..♣.....P.................
#..#.♣♣......P..♣..............
#.##...P...PP..................
##.#(♣.....?.......♣♣......#..##
#...♣...............♣......#####
#P.♣♣...............♣♣.....# #
#...PP..PP#####.P....♣..... #
##.....P..#$..#...P........### #
#......P.#.).Y@..P........P#.##
#........#(..#P....P......P..#.
#.........#####....P............
##..♣.PP.......P....P♣####......
#..♣..............P♣#P.P##.....
###.#.P..P..........♣..........÷.
#................................
#...#..♣.....P.....P............
#...###.♣♣.....P♣...............


You could see a catoblepas (very poisoned).

Vanquished Creatures
  Gastronok (D:8)
  Josephine (D:11)
  Harold (D:8)
  A hydra (Lair:2)
  A centaur warrior (D:11)
  2 two-headed ogres
  Nergalle (Lair:1)
  A cyclops (D:10)
  3 black mambas
  A centaur zombie (D:10)
  4 cane toads
  A gargoyle (D:6)
  Maggie (D:8)
  Psyche (D:11)
  3 komodo dragons
  Grinder (D:3)
  A troll (D:10)
  A polar bear (Lair:1)
  Sigmund (D:3)
  2 shadows (D:11)
  3 wyverns
  4 wraiths
  15 yaks
  A spriggan (Lair:2)
  A basilisk (Lair:1)
  2 steam dragons
  Menkaure (D:4)
  An acid dragon (D:6)
  Duvessa (D:5)
  6 water moccasins
  2 orc warriors
  A black bear (Lair:1)
  2 sky beasts (D:5)
  A necrophage (D:4)
  An ogre (D:6)
  6 centaurs
  10 wolves
  A phantom (D:7)
  Blork the orc (D:4)
  A kobold brigand (D:9)
  6 bullfrogs
  3 scorpions (D:5)
  A water moccasin skeleton (D:6)
  Dowan (D:5)
  9 killer bees
  4 howler monkeys
  9 wights
  2 electric eels (D:11)
  5 hounds
  2 bullfrog skeletons
  Crazy Yiuf (D:4)
  9 orc priests
  A centaur skeleton (D:7)
  3 gnoll shamans
  3 iguanas
  7 orc wizards
  Ijyb (D:4)
  Terence (D:3)
  A statue (D:10)
  2 killer bee zombies
  Robin (D:3)
  16 gnolls
  6 adders
  A white imp (D:6)
  An ufetubus (D:7)
  A worm (D:2)
  66 orcs
  7 endoplasms
  4 giant cockroaches
  12 hobgoblins
  4 jackals (D:1)
  8 kobolds
  3 quokkas
  A ball python (D:2)
  2 bats
  5 frilled lizards
  8 goblins
  5 rats
312 creatures vanquished.

Vanquished Creatures (collateral kills)
  An adder (D:6)
1 creature vanquished.

Vanquished Creatures (others)
  An orc wizard (D:7)
  5 orcs
  3 plants (Lair:2)
9 creatures vanquished.

Grand Total: 322 creatures vanquished

Notes
Turn   | Place    | Note
-------+----------+-------------------------------------------
     0 | D:1      | Kaptain the Gargoyle Earth Elementalist began the quest for
                  | the Orb.
     0 | D:1      | Reached XP level 1. HP: 10/10 MP: 3/3
   276 | D:1      | Reached XP level 2. HP: 6/16 MP: 0/5
   530 | D:1      | Found a faded altar of an unknown god.
   623 | D:1      | Reached skill level 1 in Fighting
   803 | D:1      | You fall into a shaft and drop 1 floor!
   808 | D:2      | Reached skill level 1 in Conjurations
   850 | D:2      | Reached XP level 3. HP: 20/20 MP: 3/6
   882 | D:2      | Learned a level 3 spell: Stone Arrow
  1268 | D:1      | Reached skill level 4 in Earth Magic
  2155 | D:3      | Noticed Grinder
  2159 | D:3      | Paralysed by Grinder for 7 turns
  2168 | D:3      | Killed Grinder
  2169 | D:3      | Reached skill level 1 in Armour
  2169 | D:3      | Reached XP level 4. HP: 3/27 MP: 0/8
  2169 | D:3      | Reached XP level 5. HP: 3/31 MP: 0/9
  2169 | D:3      | Reached XP level 6. HP: 4/36 MP: 0/10
  2760 | D:3      | Noticed Robin
  2771 | D:3      | Reached skill level 5 in Earth Magic
  2789 | D:3      | Killed Robin
  2894 | D:3      | Noticed Terence
  3137 | D:3      | Killed Terence
  3212 | D:3      | Noticed Sigmund
  3216 | D:3      | Killed Sigmund
  3217 | D:3      | Reached XP level 7. HP: 41/41 MP: 1/12
  3337 | D:3      | Found a sacrificial altar of Ru.
  3833 | D:4      | Noticed Ijyb
  3838 | D:4      | Killed Ijyb
  3927 | D:4      | Found a basalt altar of Yredelemnul.
  4125 | D:4      | Noticed Blork the orc
  4128 | D:4      | Killed Blork the orc
  4476 | D:4      | Found a runed translucent door.
  4477 | D:4      | Noticed Crazy Yiuf
  4482 | D:4      | Killed Crazy Yiuf
  4543 | D:4      | Noticed Menkaure
  4547 | D:4      | Killed Menkaure
  4548 | D:4      | Reached skill level 6 in Earth Magic
  4548 | D:4      | Reached XP level 8. HP: 48/48 MP: 5/14
  4860 | D:5      | Entered Level 5 of the Dungeon
  5588 | D:5      | Found a white marble altar of Elyvilon.
  5658 | D:5      | Reached skill level 5 in Fighting
  5760 | D:5      | Noticed Dowan
  5762 | D:5      | Noticed Duvessa
  5765 | D:5      | Killed Duvessa
  5766 | D:5      | Reached skill level 5 in Conjurations
  5768 | D:5      | Killed Dowan
  6001 | D:5      | Found a staircase to the Ecumenical Temple.
  6010 | Temple   | Entered the Ecumenical Temple
  6432 | D:5      | Reached skill level 7 in Earth Magic
  6873 | D:6      | Reached XP level 9. HP: 54/54 MP: 12/16
  6874 | D:6      | Noticed a gargoyle
  6880 | D:6      | Killed a gargoyle
  6881 | D:6      | Reached skill level 5 in Spellcasting
  7840 | D:6      | Noticed a +0 short sword
  7840 | D:6      | Noticed a +0 spear
  7841 | D:6      | Noticed a +0 short sword
  7841 | D:6      | Noticed a +0 spear
  7841 | D:6      | Noticed a +0 dagger
  7842 | D:6      | Noticed a +0 falchion
  7842 | D:6      | Noticed a +0 falchion
  7842 | D:6      | Noticed a +0 dagger
  7933 | D:6      | Found a hide-covered altar of Uskayaw.
  8182 | D:7      | Reached skill level 8 in Earth Magic
  8395 | D:7      | Found a burning altar of Makhleb.
  8737 | D:7      | Found an ornate altar of the Wu Jian Council.
  8815 | D:7      | Reached XP level 10. HP: 61/61 MP: 12/19
  9305 | D:8      | Noticed a two-headed ogre
  9310 | D:8      | Killed a two-headed ogre
  9311 | D:8      | Reached skill level 5 in Armour
  9484 | D:8      | Reached skill level 9 in Earth Magic
  9644 | D:8      | Noticed Maggie
  9650 | D:8      | Killed Maggie
  9655 | D:8      | Noticed Harold
  9803 | D:8      | Killed Harold
 10001 | D:8      | Noticed Gastronok
 10010 | D:8      | Killed Gastronok
 10439 | D:9      | Reached XP level 11. HP: 61/69 MP: 13/21
 10524 | D:9      | Identified the +0 scale mail of Gravity {Dex+5}
 10736 | D:9      | Found a staircase to the Orcish Mines.
 10887 | D:9      | Noticed a two-headed ogre
 10893 | D:9      | Killed a two-headed ogre
 10894 | D:9      | Reached skill level 10 in Earth Magic
 10940 | D:9      | Found a snail-covered altar of Cheibriados.
 11041 | D:9      | Found Omicoeq's General Store.
 11172 | D:9      | Found a sparkling altar of Nemelex Xobeh.
 11428 | D:10     | Entered Level 10 of the Dungeon
 11535 | D:10     | Found an ancient bone altar of Kikubaaqudgha.
 12003 | D:10     | Noticed a cyclops
 12006 | D:10     | Killed a cyclops
 12508 | D:10     | Found a radiant altar of Vehumet.
 12602 | D:11     | Noticed Psyche
 12606 | D:11     | Killed Psyche
 12654 | D:11     | Noticed Josephine
 12664 | D:11     | Killed Josephine
 12713 | D:10     | Reached skill level 11 in Earth Magic
 13012 | D:11     | Noticed a centaur warrior
 13024 | D:11     | HP: 3/71 [centaur warrior (5)]
 13025 | D:11     | HP: 1/71 [centaur/arrow (2)]
 13028 | D:11     | Killed a centaur warrior
 13272 | D:11     | Reached XP level 12. HP: 53/77 MP: 20/24
 13392 | D:11     | Found a staircase to the Lair.
 13688 | Lair:1   | Entered Level 1 of the Lair of Beasts
 13811 | Lair:1   | Reached skill level 10 in Fighting
 14101 | Lair:1   | Reached skill level 10 in Conjurations
 14303 | Lair:1   | Noticed Nergalle
 14313 | Lair:1   | Killed Nergalle
 14776 | Lair:1   | Reached skill level 12 in Earth Magic
 15028 | Lair:2   | Found a staircase to the Snake Pit.
 15527 | Lair:2   | Noticed a five-headed hydra
 15527 | Lair:2   | Noticed a catoblepas
 15533 | Lair:2   | Learned a level 3 spell: Mephitic Cloud
 15536 | Lair:2   | Killed a five-headed hydra
 15544 | Lair:2   | Slain by a catoblepas

Illustrated notes

Levels and vault maps discovered:
D:1:      lightli_molten_gateway, layout_loops_cross,
          dreamdust_ecumenical_altar_statues
D:2:      layout_basic, serial_curves, eino_curves_02, eino_curves_03,
          eino_curves_04, eino_curves_04
D:3:      layout_basic, mainiacjoe_overflow_alcove_1, uniq_robin, uniq_sigmund,
          uniq_grinder, uniq_terence
D:4:      layout_basic, mainiacjoe_overflow_six_doors_small,
          uniq_crazy_yiuf_cottage, uniq_ijyb, uniq_blork_the_orc, uniq_menkaure
D:5:      layout_loops_corners, general_overflow_altar,
          lemuel_temple_firewalk_a, uniq_duvessa
D:6:      layout_rooms, nicolae_uskayaw_en_pointe
D:7:      layout_cave_pools, mainiacjoe_overflow_boulevard,
          mainiacjoe_overflow_paths, lemuel_flamethrower_2
D:8:      layout_loops_ring, minivault_26, uniq_maggie, uniq_gastronok,
          uniq_harold
D:9:      layout_basic, mainiacjoe_overflow_brackets,
          nemelex_diamond_rough_becter, hiddenorc2_lemuel, serial_shops, shop
D:10:     layout_layer_cave, mainiacjoe_overflow_chevrons, vehumet_statue
D:11:     layout_irregular_city, erik_lair_island, uniq_psyche, uniq_josephine
Temple:   minmay_temple_bridge_abc
Lair:1:   layout_chaotic_city, uniq_nergalle
Lair:2:   layout_chaotic_city, dummy_snake_entry,
          grunt_forest_large_clearing_hut

Skill      XL: |  1  2  3  4  5  6  7  8  9 10 11 12 |
---------------+-------------------------------------+-----
Fighting       | 1 2 3 4 5 6 8 9 10 | 10.8
Conjurations   | 1 2 3 4 5 6 8 9 10 | 10.7
Earth Magic    | 4 5 6 7 8 9 11 12 | 12.2
Armour         | 1 2 3 4 5 6 7 |  7.5
Stealth        | 3 4 |  4.0
Spellcasting   | 3 4 6 7 8 9 |  9.3
Dodging        | |  1.5
Transmutations | |  0.7

Action                   |  1- 3 |  4- 6 |  7- 9 | 10-12 || total
-------------------------+-------+-------+-------+-------++-------
Melee: Short sword       |    26 |     4 |       |       ||    30
       Hand axe          |       |    44 |     2 |       ||    46
       Flail             |       |       |    21 |   100 ||   121
       Punch             |       |       |       |     2 ||     2
 Cast: Sandblast         |    48 |    22 |    33 |    41 ||   144
       Stone Arrow       |     1 |     7 |   105 |   259 ||   372
  Use: Scroll            |       |       |    17 |     5 ||    22
       Potion            |       |       |       |     2 ||     2
 Stab: Sleeping          |     4 |       |       |       ||     4
Armor: Robe              |    18 |    28 |     2 |       ||    48
       Leather armour    |       |       |     9 |       ||     9
       Steam dragon scal |       |       |    30 |   190 ||   220
Dodge: Dodged            |    27 |    40 |    24 |   165 ||   256
